 Dungeon Crawl Stone Soup version 0.29.1-15-g9cfb28693d (webtiles) character file.

Game seed: 7703740319240966380

16 croobank the Sneak (level 2, -3/21 HPs)
             Began as an Octopode Delver on Feb 23, 2023.
             Slain by a kobold
             ... wielding a +0 short sword
              (4 damage)
             ... on level 6 of the Dungeon.
             The game lasted 00:02:15 (825 turns).

croobank the Sneak (Octopode Delver)                 Turns: 825, Time: 00:02:16

Health: -3/21      AC:  1    Str: 11    XL:     2   Next: 54%
Magic:  2/2        EV: 13    Int: 12    God:
Gold:   63         SH:  0    Dex: 13    Spells: 1/1 levels left

rFire   . . .      SeeInvis .   a - +0 hand axe
rCold   . . .      Faith    .   (no shield)
rNeg    . . .      Spirit   .   (helmet restricted)
rPois   .          Reflect  .   (no amulet)
rElec   .          Harm     .   (no ring)
rCorr   .          Rampage  .   (no ring)
Will    .....                   (no ring)
Stlth   ++++......              (no ring)
HPRegen 0.07/turn               (no ring)
MPRegen 0.08/turn               (no ring)
                                (no ring)
                                (no ring)

@: lethally poisoned (-3 -> -5), hasted and slowed
A: almost no armour, amphibious, 8 rings, camouflage 1, gelatinous body 1,
(nimble swimmer 1), tentacles
a: no special abilities


You were on level 6 of the Dungeon.
You visited 2 branches of the dungeon, and saw 4 of its levels.

You collected 63 gold pieces.

Inventory:

Hand Weapons
 a - a +0 hand axe (weapon)
Wands
 f - a wand of digging (3)
Scrolls
 b - a scroll of fog
 g - a scroll of identify {unknown}
 h - a scroll of blinking {unknown}


   Skills:
 + Level 3.2 Fighting
 + Level 2.3 Axes
 + Level 2.2 Dodging
 + Level 6.8 Stealth


You had one spell level left.
You didn't know any spells.
Your spell library was empty.

Dungeon Overview and Level Annotations

Branches:
Dungeon (7/15)             Temple (1/1) D:6

Altars:
Ashenzari
Cheibriados
Kikubaaqudgha
Makhleb
Okawaru
Vehumet
Wu Jian


Innate Abilities, Weirdness & Mutations

You cannot wear most types of armour.
You are amphibious.
You can wear up to eight rings at the same time.
Your skin changes colour to match your surroundings (Stealth+).
Your rubbery body absorbs attacks. (AC +1, EV +1)
((You are camouflaged when in or above water. (Stealth+)))
You have tentacles for arms and can constrict up to eight enemies at once.


Message History

A kobold comes into view. It is wielding a +0 short sword.
Found a stone staircase leading down.
The kobold shouts!
You hear a shout! x2
The kobold brigand shouts!
You hear a shout!
The kobold throws a stone.
The stone barely misses you.
You hear a shout!
You hear a shout!
Okay, then.
The kobold shouts!
The kobold closely misses you.
The kobold throws a stone.
The stone hits you.
The kobold throws a stone.
The stone misses you.
The kobold throws a stone.
The stone closely misses you. The kobold misses you.
Okay, then.
As you read the scroll of fear, it crumbles to dust.
You assume a fearsome visage.
The scorpion looks frightened!
The kobold brigand resists with some effort.
The kobold looks frightened! x4
The kobold brigand throws a curare-tipped dart.
The curare-tipped dart hits you.
You are poisoned.
You have difficulty breathing.
You feel yourself slow down.
It was a potion of magic.
Magic courses through your body.
You feel very sick. The kobold brigand closely misses you.
As you read the scroll of fear, it crumbles to dust.
You assume a fearsome visage.
The kobold brigand looks frightened!
The kobold looks frightened!
* * * LOW HITPOINT WARNING * * *
You feel very sick.
* * * LOW HITPOINT WARNING * * *
You feel sick.
* * * LOW HITPOINT WARNING * * *
You feel sick.
You feel yourself speed up.
* * * LOW HITPOINT WARNING * * *
You feel sick.
Cornered, the kobold brigand turns to fight!
The kobold hits you with a +0 short sword.
You die...

## .# ######## ***** .#
#......# **,,,* .#
#....K.#####,,,,*
.###########..........#.<,,*
.[..............@KK>..KK*,,*
##############.####.#...,,,*
#.# *,*****,** #######.#
*,,,,,,,* #.....#.#
**,,****** #.....#.# *,,,**
#.....#.#**,,,,*
########.....'..,,,*,,*
#............####.##,,*


You could see a kobold brigand and 4 kobolds.

Vanquished Creatures
  A gnoll (D:6)
  An ufetubus (D:6)
2 creatures vanquished.

Notes
Turn   | Place    | Note
-------+----------+-------------------------------------------
     0 | D:5      | croobank the Octopode Delver began the quest for the Orb.
     0 | D:5      | Reached XP level 1. HP: 16/16 MP: 1/1
    16 | D:5      | Noticed a scorpion
    75 | D:6      | Noticed an iguana
   209 | D:7      | Found a snail-covered altar of Cheibriados.
   276 | D:6      | Found a staircase to the Ecumenical Temple.
   312 | Temple   | Entered the Ecumenical Temple
   520 | D:6      | Noticed a scorpion
   526 | D:5      | Noticed an ogre
   526 | D:5      | Noticed an orc priest
   526 | D:5      | Noticed a hound
   557 | D:6      | Noticed a kobold brigand
   591 | D:6      | Reached XP level 2. HP: 7/21 MP: 2/2
   825 | D:6      | HP: 1/21 [poisoned by a kobold brigand (curare-tipped
                  | dart)]
   825 | D:6      | Slain by a kobold

Illustrated notes

Levels and vault maps discovered:
D:5:      layout_cave_pods, marbit_many_paths, kennysheep_nub, uniq_sigmund
D:6:      layout_basic, temple_pool_b, uniq_prince_ribbit1
D:7:      layout_loops_cross, nicolae_ru_the_path_less_chosen, xom_shifter_show,
          dk_yredelemnul_ordeal, nicolae_overflow_crystal_walls,
          supply_closet_lemuel
Temple:   nicolae_temple_two_arcs

Action                   || total
-------------------------++-------
Melee: Hand axe          ||     8
       Constrict         ||     2
       Tentacles         ||     2
  Use: Scroll            ||     3
       Potion            ||     2
 Stab: Sleeping          ||     1
Armor: Skin              ||     1
Dodge: Dodged            ||    17
